 Dungeon Crawl Stone Soup version 0.28-a0-519-gbfeecf2 (webtiles) character file.

Game seed: 16957902369604909179

45 BarneyGumball the Cutter (level 3, 0/27 HPs)
             Began as a Vine Stalker Gladiator on Sept 23, 2021.
             Succumbed to an adder's poison
             ... on level 1 of the Dungeon.
             The game lasted 00:06:21 (1336 turns).

BarneyGumball the Cutter (Vine Stalker Gladiator)   Turns: 1336, Time: 00:06:22

Health: 0/27       AC:  4    Str: 16    XL:     3   Next: 64%
Magic:  2/4        EV: 12    Int:  8    God:
Gold:   23         SH:  0    Dex: 16    Spells: 2/2 levels left

rFire   . . .      SeeInvis .   a - +0 rapier
rCold   . . .      Faith    .   (no shield)
rNeg    . . .      Spirit   +   b - +0 leather armour
rPois   .          Reflect  .   c - +0 helmet
rElec   .          Harm     .   (no cloak)
rCorr   .          Rampage  .   (no gloves)
Will    .....                   (no boots)
Stlth   ..........              (no amulet)
HPRegen 0.09/turn               (no ring)
MPRegen 0.09/turn               (no ring)

@: berserking, lethally poisoned (0 -> -5), hasted, very quick
A: fangs 2, magic shield, antimagic bite, no potion heal 2
a: no special abilities


You were on level 1 of the Dungeon.
You visited 1 branch of the dungeon, and saw 2 of its levels.

You collected 23 gold pieces.

Inventory:

Hand Weapons
 a - a +0 rapier (weapon)
Missiles
 d - 3 throwing nets (quivered)
Armour
 b - a +0 leather armour (worn)
 c - a +0 helmet (worn)
Scrolls
 e - a scroll of identify {unknown}
Potions
 h - a potion of curing {unknown}


   Skills:
 - Level 1.7 Fighting
 * Level 3.7 Short Blades
 - Level 1.7 Throwing
 - Level 2.4 Dodging
 + Level 2.2 Stealth


You had 2 spell levels left.
You didn't know any spells.
Your spell library was empty.

Dungeon Overview and Level Annotations

Branches:
Dungeon (2/15)

Altars:

Shops:
D:1 !*=

Annotations:
D:2 Terence


Innate Abilities, Weirdness & Mutations

You have extremely sharp teeth.
When hurt, damage is shared between your health and your magic reserves.
Your bite disrupts and absorbs the magic of your enemies.
Potions cannot restore your health.


Message History

The adder is severely wounded.
The adder barely misses you.
You miss the adder. You bite the adder. You drain its power.
You feel invigorated.
The adder is almost dead.
The adder bites you.
You are poisoned.
The adder poisons you! The adder bites you but does no damage.
You closely miss the adder. Your bite misses the adder.
The adder is almost dead.
* * * LOW HITPOINT WARNING * * *
You feel sick. The adder bites you but does no damage.
Okay, then.
You barely miss the adder.
The adder is almost dead.
* * * LOW HITPOINT WARNING * * *
You feel sick. The adder misses you.
You hit the adder but do no damage. Your bite misses the adder.
The adder is almost dead.
* * * LOW HITPOINT WARNING * * *
You feel sick. The adder bites you but does no damage.
It was a potion of haste.
You feel yourself speed up.
* * * LOW HITPOINT WARNING * * *
You feel sick. The adder misses you. The adder barely misses you.
It was a potion of berserk rage.
A red film seems to cover your vision as you go berserk!
You feel yourself moving faster!
You feel mighty!
You feel sick. The adder bites you.
You are lethally poisoned!
The adder poisons you!
You are too berserk!
You closely miss the adder.
The adder is almost dead.
* * * LOW HITPOINT WARNING * * *
You feel sick.
You closely miss the adder. You bite the adder.
You kill the adder!
* * * LOW HITPOINT WARNING * * *
You feel sick.
You die...

..###.........#.######
..#...........#.#
..#..(..........#
..#..........#..#
#........♣...#..#
#............#..#
#.....##♣∩♣#.#..#
#.....##..##.#..####
#.....##.♣##(#.>@..#
#.....##.# #.#####.###
#.....##.# #.# #.....#
#.....##.# #.# #.#####
#.....#..# #.#
#.####### #######.##
#.# #.......# #..# #.#
#######.# ####.##
#.###...###.# #.....#
#..##.......#


There were no monsters in sight!

Vanquished Creatures
  An adder (D:1)
  A gnoll (D:1)
  3 ball pythons (D:1)
  2 endoplasms (D:1)
  2 giant cockroaches (D:1)
  2 goblins (D:1)
  3 hobgoblins (D:1)
  4 jackals (D:1)
  2 kobolds (D:1)
  A bat (D:2)
  A frilled lizard (D:1)
  A rat (D:1)
23 creatures vanquished.

Notes
Turn   | Place    | Note
-------+----------+-------------------------------------------
     0 | D:1      | BarneyGumball the Vine Stalker Gladiator began the quest
                  | for the Orb.
     0 | D:1      | Reached XP level 1. HP: 11/11 MP: 2/2
   125 | D:1      | Reached skill level 3 in Short Blades
   241 | D:1      | Reached skill level 1 in Stealth
   241 | D:1      | Reached XP level 2. HP: 14/15 MP: 3/3
   305 | D:1      | Found Ucysoc's General Store.
   420 | D:1      | Found a faded altar of an unknown god.
   446 | D:1      | Found Jearefre's Jewellery Boutique.
   638 | D:1      | Reached XP level 3. HP: 18/18 MP: 4/4
   790 | D:1      | Found Ozier's Distillery.
   953 | D:2      | Noticed Terence
  1335 | D:1      | HP: 1/27 [poisoned by an adder]
  1336 | D:1      | Succumbed to an adder's poison

Illustrated notes

Levels and vault maps discovered:
D:1:      lemuel_arrival_river_ford, layout_basic, serial_shops, shop_statue,
          nicolae_shop_trees, shop, ebering_ecumenical_altar_mist
D:2:      layout_basic, uniq_terence

Skill      XL: |  1  2  3 |
---------------+----------+-----
Short Blades   | 3 |  3.7
Stealth        | 1 2 |  2.2
Fighting       | |  1.7
Throwing       | |  1.7
Dodging        | |  2.4

Action                   || total
-------------------------++-------
Melee: Rapier            ||    59
       Bite              ||    14
  Use: Potion            ||     2
 Stab: Sleeping          ||     2
Armor: Leather armour    ||    14
Dodge: Dodged            ||    36

Table legend: (Time is in decaauts)
 A = Elapsed time spent in this place.
 B = Non-inter-level travel time spent in this place.
 C = Inter-level travel time spent in this place.
 D = Time resting spent in this place.
 E = Time spent auto-exploring this place.
 F = Levels seen in this place.
 G = Mean time per level.
                   A        B        C        D        E       F      G
               +--------+--------+--------+--------+--------+-----+--------+
         Total |   1346 |   1266 |     80 |     51 |    891 |   2 |  673.0 |
       Dungeon |   1346 |   1266 |     80 |     51 |    891 |   2 |  673.0 |
               +--------+--------+--------+--------+--------+-----+--------+

Top non-repeatable levels by time:
     D:1: 1214 daAuts
     D:2: 132 daAuts
